Cogmind - Beta 13 @@@ ROGUE MODE // 2024.07.10 @ 00:57:34 Player: Duduxx Result: Self-destructed Performance ------------- Evolutions (2) 1000 Regions Visited (4) 800 Robots Destroyed (64) 320 Value Destroyed (1542) 1542 Prototype IDs (1) 20 Alien Tech Used (0) 0 Bonus (78) 78 TOTAL SCORE: 3760 Bonus ------- High Alert Combat Kills 78 Cogmind --------- Core Integrity 107/550 Matter 29/300 Energy 100/100 System Corruption 6% Temperature Cool (9) Movement Core (200) Ox3 Location -8/Materials Parts ------- > --- POWER (1) -------- (None) > --- PROPULSION (4) --- (None) > --- UTILITY (4) ------ Medium Storage Unit > --- WEAPON (2) ------- (None) > --- INVENTORY (10) --- Light Treads Light Treads Light Treads Armored Huge Wheel Airjet Improved Flight Unit Ion Cannon Grenade Launcher Peak State ------------ > --- POWER ------------ Light Nuclear Core > --- PROPULSION ------- Armored Huge Wheel Armored Huge Wheel > --- UTILITY ---------- Heat Sink Medium Storage Unit Hacking Suite Hacking Suite > --- WEAPON ----------- Pulse Rifle Pulse Rifle > --- INVENTORY -------- Ion Engine Airjet Improved Flight Unit Improved Flight Unit Ion Cannon Ion Cannon Grenade Launcher Grenade Launcher Makeshift Sword [Rating: 35] Favorites ----------- Power Ion Engine Engine Ion Engine Power Core Light Nuclear Core Propulsion Light Treads Treads Light Treads Wheel Armored Huge Wheel Flight Unit Improved Flight Unit Utility Hacking Suite Device Sensor Array Storage Small Storage Unit Hackware Hacking Suite Protection Hardened Light Armor Plating Weapon Assault Rifle Energy Gun Pulse Rifle Energy Cannon Ion Cannon Ballistic Gun Assault Rifle Ballistic Cannon Light Cannon Launcher Grenade Launcher Slashing Weapon Makeshift Sword Build | -11 -10 -9 -9 -8 ------- Run | Yrd Mat Mat Min Mat Slots Evolved 4 | . . 2 . 2 Power . | . . . . . Propulsion 2 | . . . . 2 Utility 2 | . . 2 . . Weapon . | . . . . . Parts Attached 57 | 6 7 31 3 10 Power 6 | 1 1 3 . 1 Engine 4 | 1 . 2 . 1 Core 2 | . 1 1 . . Reactor . | . . . . . Propulsion 17 | 2 2 7 3 3 Treads 10 | 2 2 4 1 1 Leg . | . . . . . Wheel 4 | . . . 2 2 Hover . | . . . . . Flight 3 | . . 3 . . Utility 9 | 1 1 7 . . Device 2 | . . 2 . . Storage 2 | 1 . 1 . . Processor . | . . . . . Hackware 2 | . 1 1 . . Protection 3 | . . 3 . . Artifact . | . . . . . Weapon 25 | 2 3 14 . 6 Energy Gun 7 | 1 1 4 . 1 Energy Cannon 2 | . . . . 2 Ballistic Gun 5 | 1 . 4 . . Ballistic Cannon 3 | . 1 2 . . Launcher 7 | . 1 4 . 2 Special Weapon . | . . . . . Impact Weapon . | . . . . . Slashing Weapon 1 | . . . . 1 Piercing Weapon . | . . . . . Special Melee Weapon . | . . . . . Unidentified Prototypes 1 | . . 1 . . Parts Lost 21 | . 1 8 . 12 Power 4 | . . 2 . 2 Propulsion 4 | . . 2 . 2 Utility 5 | . . 2 . 3 Weapon 8 | . 1 2 . 5 Highest Loss Streak 6 | . 1 3 . 6 To Critical Strikes . | . . . . . Average Slot Usage (%) 94 | . 96 96 99 72 Engine 7 | . 9 7 . 2 Core 4 | . 4 3 11 5 Treads 22 | . 28 21 9 . Wheel 1 | . . . 2 16 Device 5 | . . 12 11 6 Storage 12 | . 14 11 11 9 Hackware 12 | . 11 11 22 15 Protection 2 | . . 6 . . Energy Gun 9 | . 8 7 22 11 Ballistic Gun 8 | . 14 5 . . Ballistic Cannon 4 | . 5 6 . . Naked Turns . | . . . . . Heaviest Build 27 | 14 15 23 22 27 Greatest Support 56 | 40 40 40 20 56 Greatest Overweight (x) 3 | 3 . 2 2 1 Average Overweight (x) . | . . . 1 . Largest Inventory Capacity 10 | 8 8 10 10 10 Average Capacity 8 | 7 8 8 10 10 Most Carried 10 | 4 8 8 9 10 Average Carried 6 | 2 6 7 6 8 Final Capacity 10 | 8 8 10 10 10 Final Carried 9 | 4 7 5 8 9 Class Distribution -------------------- 62% | Mutant 30% | Scavenger-Mutant 7% | Hacker-Mutant Dominant Class ---------------- Mutant | -10/Materials Scavenger-Mutant | -9/Materials Scavenger-Mutant | -9/Mines Hacker-Mutant | -8/Materials Resources | -11 -10 -9 -9 -8 ----------- Run | Yrd Mat Mat Min Mat Matter Collected 1099 | 221 279 519 80 . Remotely . | . . . . . Salvage Created 1516 | . 427 815 95 179 Parts 108 | . 22 67 6 13 Haulers Intercepted 2 | . 1 1 . . Recyclers Shooed 1 | . . 1 . . Parts Field Recycled . | . . . . . Retrieved Matter . | . . . . . Parts Self-Destructed . | . . . . . Prevented . | . . . . . Kills | -11 -10 -9 -9 -8 ------- Run | Yrd Mat Mat Min Mat Combat Hostiles Destroyed 45 | . 10 29 . 6 Melee 2 | . . 1 . 1 Guns 20 | . 6 13 . 1 Cannons 13 | . 4 9 . . AOE 10 | . . 6 . 4 Classes Destroyed 11 | . 6 3 2 . Worker 4 | . 1 2 . 1 Builder 1 | . . 1 . . Tunneler 2 | . . . 2 . Hauler 2 | . 1 1 . . Recycler 1 | . . . 1 . Mechanic 1 | . . 1 . . Operator 5 | . 2 3 . . Watcher 3 | . 2 1 . . Swarmer 13 | . 3 7 . 3 Grunt 27 | . 7 18 . 2 Sentry 5 | . . 4 . 1 Best Kill Streak 6 | . 4 6 3 6 Combat Bots Only 5 | . 2 4 . 5 Max Kills in Single Turn 4 | . 2 3 1 4 Gunslinging . | . . . . . Exploded 3 | . . 2 . 3 Melee 1 | . . 1 . 1 Uniques/NPCs Destroyed . | . . . . . Combat | -11 -10 -9 -9 -8 -------- Run | Yrd Mat Mat Min Mat Hostile Shots Fired 303 | . 55 123 2 123 Missed 77 | . 13 30 1 33 Damage Taken 3049 | . 494 1136 15 1404 Core 790 | . 61 286 . 443 Absorbed by Shields . | . . . . . Core Remaining (%) 67 | 100 75 . 28 . Volleys Fired 146 | . 51 76 5 14 Largest 2 | . 2 2 2 2 Hottest 126 | . 60 126 126 126 Shots Fired 281 | . 102 144 10 25 Gun 183 | . 73 88 10 12 Cannon 84 | . 29 44 . 11 Launcher 14 | . . 12 . 2 Special . | . . . . . Kinetic 160 | . 80 80 . . Thermal 85 | . . 52 10 23 Explosive 14 | . . 12 . 2 Electromagnetic 22 | . 22 . . . Robot Hit Streak 15 | . 12 11 15 5 Robot Miss Streak 5 | . 5 4 1 3 Penetration Max . | . . . . . Secondary Targets 1 | . 1 . . . Max Gunslinging Chain 1 | . 1 . . . Shots Hit Robots 170 | . 59 85 8 18 Core Hits 97 | . 24 57 3 13 Critical Kills . | . . . . . Critical Parts Destroyed . | . . . . . Critical Strikes 4 | . 2 2 . . Burn 1 | . . 1 . . Blast 3 | . 2 1 . . Melee Attacks 6 | . . . . 6 Impact . | . . . . . Slashing 6 | . . . . 6 Piercing . | . . . . . Sneak Attacks . | . . . . . Combat Hostiles . | . . . . . Follow-up Attacks . | . . . . . Damage Inflicted 4006 | . 914 2346 135 611 Guns 1656 | . 518 868 135 135 Cannons 879 | . 339 401 . 139 Explosions 1335 | . 41 1061 . 233 Melee 104 | . . . . 104 Ramming 32 | . 16 16 . . Kinetic 1334 | . 678 656 . . Thermal 1063 | . 41 613 135 274 Explosive 1239 | . . 1006 . 233 Electromagnetic 234 | . 179 55 . . Impact . | . . . . . Slashing 104 | . . . . 104 Piercing . | . . . . . Highest Corruption 6 | . . . . 6 Average Corruption 6 | . . . . 6 Corruption Purged . | . . . . . Corruption Blocked . | . . . . . Overload Shots . | . . . . . Overflow Damage 91 | . . 84 . 7 Projectiles 14 | . . 14 . . Explosions 70 | . . 70 . . Melee 7 | . . . . 7 Knockbacks 3 | . 3 . . . Impact . | . . . . . Kinetic 3 | . 3 . . . Secondary . | . . . . . Self-Inflicted Damage 8 | . . . . 8 Shots 1 | . . . . 1 Rammed 8 | . 5 3 . . Targets Rammed 9 | . 5 4 . . Kicked . | . . . . . Crushed 1 | . . 1 . . Highest Temperature 678 | . 124 678 66 276 Average Temperature 117 | . 52 158 23 111 Received Heat Transfer 1566 | . 294 426 . 846 Effects 24 | . . 24 . . Shutdowns 3 | . . 3 . . Energy Bleed 3 | . . 3 . . Interference 7 | . . 7 . . Matter Decay 3 | . . 3 . . Damage (major) 5 | . . 5 . . Damage (core) 3 | . . 3 . . Siege Activations . | . . . . . Robots Corrupted . | . . . . . Combat Hostiles . | . . . . . Parts Fried 1 | . 1 . . . Impact Corruptions . | . . . . . Robots Melted . | . . . . . Combat Hostiles . | . . . . . Parts Melted 3 | . . 1 1 1 Heat Transferred 2320 | . 100 1406 296 518 Parts Sabotaged . | . . . . . Parts Stolen . | . . . . . Parts Stripped . | . . . . . Power Chain Reactions 1 | . 1 . . . Alert | -11 -10 -9 -9 -8 ------- Run | Yrd Mat Mat Min Mat Peak Influence 583 | . 153 583 256 209 Initial 226 | . . 13 226 99 Average 183 | . 94 310 243 138 Maximum Alert Level 2 | . . 2 1 1 Low Security (%) 64 | 100 100 20 . 93 Level 1 22 | . . 45 100 6 Level 2 12 | . . 33 . . Level 3 . | . . . . . Level 4 . | . . . . . Level 5 . | . . . . . High Security . | . . . . . Max Security . | . . . . . Squads Dispatched 12 | . 4 7 . 1 Investigation 3 | . 2 1 . . Extermination . | . . . . . Reinforcement 9 | . 2 6 . 1 Assault . | . . . . . Garrison . | . . . . . Intercept . | . . . . . Searches Triggered . | . . . . . Construction Impeded 1 | . . 1 . . Haulers Reinforced . | . . . . . Active Scanning Responses . | . . . . . Cargo Convoy Interrupts . | . . . . . Stealth | -11 -10 -9 -9 -8 --------- Run | Yrd Mat Mat Min Mat Distress Signals 3 | . . 3 . . Communications Jammed . | . . . . . Distress Signals . | . . . . . Times Spotted 87 | . 24 48 1 14 Peak Tracking Total 8 | . 4 5 2 8 Tactical Retreats 3 | . 2 1 . . Traps | -11 -10 -9 -9 -8 ------- Run | Yrd Mat Mat Min Mat Traps Triggered 4 | . 2 2 . . Indirectly . | . . . . . Trap Hack Attempts . | . . . . . Triggered . | . . . . . Disarmed 3 | . 3 . . . Reprogrammed . | . . . . . Reused . | . . . . . Traps Extracted . | . . . . . Installed . | . . . . . Triggered . | . . . . . Machines | -11 -10 -9 -9 -8 ---------- Run | Yrd Mat Mat Min Mat Machines Disabled 3 | . 1 2 . . Max in Single Turn 1 | . 1 1 . . Machines Repaired . | . . . . . Machines Dismantled . | . . . . . Machines Sabotaged . | . . . . . Overloaded Fab Kills . | . . . . . Hacking | -11 -10 -9 -9 -8 --------- Run | Yrd Mat Mat Min Mat Machines Accessed 11 | . 6 2 . 3 Terminals 6 | . 4 1 . 1 Fabricators . | . . . . . Repair Stations . | . . . . . Recycling Units 5 | . 2 1 . 2 Scanalyzers . | . . . . . Garrison Access . | . . . . . Total Hacks 21 | . 11 5 . 5 Successful 13 | . 7 2 . 4 Failed 8 | . 4 3 . 1 Catastrophic . | . . . . . Database Lockouts . | . . . . . Manual 8 | . 4 2 . 2 Terminals 14 | . 9 2 . 3 Fabricators . | . . . . . Repair Stations . | . . . . . Recycling Units 7 | . 2 3 . 2 Scanalyzers . | . . . . . Garrison Access . | . . . . . Terminal Hacks 8 | . 5 1 . 2 Robot Analysis 1 | . 1 . . . Disarm Traps 1 | . 1 . . . Maintenance Status 1 | . . . . 1 Hauler Manifests 4 | . 2 1 . 1 Registered Prototypes 1 | . 1 . . . Fabricator Hacks . | . . . . . Repair Station Hacks . | . . . . . Recycling Unit Hacks 5 | . 2 1 . 2 Report Inventory 5 | . 2 1 . 2 Scanalyzer . | . . . . . Garrison Access Hacks . | . . . . . Unauthorized Hacks . | . . . . . Terminals . | . . . . . Fabricators . | . . . . . Repair Stations . | . . . . . Recycling Units . | . . . . . Scanalyzers . | . . . . . Garrison Access . | . . . . . Data Cores Recovered 1 | . 1 . . . Used . | . . . . . Hacking Detections 5 | . 2 2 . 1 Full Trace Events 2 | . 1 1 . . Feedback Events . | . . . . . Feedback Blocked . | . . . . . Robot Schematics Acquired . | . . . . . Robots Built . | . . . . . Authchips . | . . . . . Time . | . . . . . Total Robot Build Rating . | . . . . . Part Schematics Acquired . | . . . . . Parts Built . | . . . . . Authchips . | . . . . . Time . | . . . . . Total Part Build Rating . | . . . . . Parts Repaired . | . . . . . Time . | . . . . . Parts Recycled . | . . . . . Recycled Matter . | . . . . . Retrieved Matter . | . . . . . Retrieved Components . | . . . . . Parts Scanalyzed . | . . . . . Part Schematics Acquired . | . . . . . Parts Damaged . | . . . . . Bothacking | -11 -10 -9 -9 -8 ------------ Run | Yrd Mat Mat Min Mat Used RIF Installer . | . . . . . Robots Hacked . | . . . . . Non-combat . | . . . . . Combat . | . . . . . Robot Hacks Applied . | . . . . . Relay Couplers Released . | . . . . . Fabnet Peak Effective % . | . . . . . Robots Rewired . | . . . . . Allies Hacked . | . . . . . Hacks Repelled . | . . . . . Allies | -11 -10 -9 -9 -8 -------- Run | Yrd Mat Mat Min Mat Total Allies . | . . . . . Largest Group . | . . . . . Highest-Rated Group . | . . . . . Highest-Rated Ally . | . . . . . Total Orders . | . . . . . Ally Attacks . | . . . . . Total Damage . | . . . . . Kills . | . . . . . Allies Corrupted . | . . . . . Allies Melted . | . . . . . Intel | -11 -10 -9 -9 -8 ------- Run | Yrd Mat Mat Min Mat Robot Analysis Total 1 | . 1 . . . Derelict Logs Recovered . | . . . . . Drone Launches . | . . . . . Drone Recoveries . | . . . . . Exploration | -11 -10 -9 -9 -8 ------------- Run | Yrd Mat Mat Min Mat Turns Passed 2745 | 67 1290 1014 146 228 Spaces Moved 1382 | 36 692 434 65 155 Core 5 | 5 . . . . Treads 1181 | 31 692 420 36 2 Legs . | . . . . . Wheels 173 | . . . 20 153 Hover . | . . . . . Flight 23 | . . 14 9 . Fastest Speed 50 | 50 160 160 95 86 Average Speed 154 | 154 160 160 190 100 Slowest Speed 240 | 200 160 177 240 240 Overloaded Moves . | . . . . . Propulsion Burnouts . | . . . . . Robots Hopped . | . . . . . Cave-ins Triggered . | . . . . . Exploration Rate (%) 35 | 4 93 36 17 25 Regions Visited 4 Branch Regions 1 Pre-discovered Areas . | . . . . . Known Exits Taken . | . . . . . Unknown Exits Taken 4 | 1 1 1 1 . Scrap Searched . | . . . . . Spaces Dug . | . . . . . Terrain Destroyed 73 | . 4 58 . 11 Melee . | . . . . . Projectile 3 | . . . . 3 AOE 70 | . 4 58 . 8 Terrain Rammed . | . . . . . Walls Destroyed . | . . . . . Machines Disabled . | . . . . . Actions | -11 -10 -9 -9 -8 --------- Run | Yrd Mat Mat Min Mat Total 1691 | 45 770 602 78 196 Wait 41 | . 4 37 . . Move 1378 | 35 691 433 64 155 Hop . | . . . . . Pick Up 26 | 4 6 8 2 6 Fast Attach 22 | 6 2 10 2 2 Attach 16 | . 1 9 1 5 Detach 8 | . 1 3 3 1 Swap 19 | . 4 12 . 3 Drop 20 | . 5 10 1 4 Fire 146 | . 51 76 5 14 Melee 6 | . . . . 6 Ram . | . . . . . Kick . | . . . . . Crush 9 | . 5 4 . . Escape Stasis . | . . . . . Rewire . | . . . . . Trap . | . . . . . Miscellaneous . | . . . . . Route ------- -11/Scrapyard -10/Materials (discovered 4 exits: *Mat x3 / [*Min]) -9/Materials -9/Mines -8/Materials History --------- Turn | Location | Event 8 | -11/Scrapyard | Discovered new exit (range 16) 68 | -11/Scrapyard | Entered Materials 242 | -10/Materials | Discovered new exit (range 10) 316 | -10/Materials | Build established: Mutant 457 | -10/Materials | Discovered new exit (range 16) 656 | -10/Materials | Discovered new exit (range 15) 877 | -10/Materials | Discovered new exit (range 3) 1358 | -10/Materials | Entered another Materials area 1358 | -9/Materials | Evolved 2 slots: Utility x2 1962 | -9/Materials | Build established: Scavenger-Mutant 2133 | -9/Materials | Core integrity fell below 50% 2266 | -9/Materials | Discovered new exit (range 12) 2366 | -9/Materials | Lost 3 parts (2n1u) 2372 | -9/Materials | Entered Mines 2376 | -9/Mines | Joined a pair of Derelicts in attacking an 0b10 outpost 2442 | -9/Mines | A weapon hastily lodged in a ceiling crevice suddenly fell to the ground 2489 | -9/Mines | Discovered new exit (range 12) 2518 | -9/Mines | Entered Materials 2518 | -8/Materials | Evolved 2 slots: Propulsion x2 2723 | -8/Materials | Lost 6 parts (1p2u3w) 2735 | -8/Materials | Core integrity fell below 50% 2746 | -8/Materials | Self-destructed Last Messages --------------- 02716_ Critical hit (Burn: +37). 02719_ Dropped Arm. Huge Wheel. 02726_ G-47 Trooper suffers critical hit (Burn). 02727_ Hadron Collector disabled. 02727_ Dropped Imp. Flight Unit. 02728_ Acquired Arm. Huge Wheel. 02729_ Ion Engine destroyed. 02736_ Ion Cannon destroyed. 02736_ M-13 Machinist repairs G-47 Trooper. 02736_ Destroyed Lgt. Nuclear Core. 02736_ Critical hit (Burn: +37). 02739_ Arm. Huge Wheel destroyed. 02740_ G-47 Trooper destroyed. 02741_ Lgt. Treads destroyed. 02742_ M-13 Machinist repairs G-47 Trooper. 02744_ Critical hit (Burn: +37). 02745_ Mak. Sword destroyed. 02745_ Hacking Suite destroyed. 02745_ System corrupted by crushing effect (+5). 02745_ System corrupted by crushing effect (+1). Map ----- +----------------------------------------------------+ | ?????????????????????# #???# ### "%" ???? | | ?????????????????????# #???# """"?????? | | ????????????????????? #??#" ## ! = """?????? | | ?????????????????????# #??## ## *%=% """" ???? | | ???????????????? ??###+#####/## ??? | | ?????????????? [?# ## %= ??? | | ??????????????# ?# ## % ^ #???? | | ??????????????# ?# [ # = #???? | | ??????????????# ## # ########### #???? | | ??????????????# ## !!! # #???????????????? | | ??????????????# ## !! # #???????????????? | | ??????????????# ## !! # #???????????????? | | ??????????????# ## # #???????????????? | | ??????????????# ######+##### #???????????????? | | ??????????????# #???????????????? | | ??????????????# a ! +???????????????? | | ??????????????# ^ ^ u #???????????????? | | ??????????????# #???????????????? | | ???############ """ #???????????????? | | ???# """ """ ## """ #???????????????? | | ???# """ """ # """ #???????????????? | | ???# """ """ # == #???????????????? | | ???# + ggmg #???????????????? | | ???# # gg #???????????????? | | ???# # #####bg#### #???????????????? | | ???# # ##; =@ ## #???????????????? | | ???# # ### ## #???????????????? | | ???########### #?#"" ## +???????????????? | | ?????????????# #?#""" #? #???????????????? | | ????########## #?#""" #? #???????????????? | | ????#"""#"""## #?#""" #? ????????????????? | | +####"T"#"Y"## #?# #????????????????????? | | #?# [ ]#????????????????????? | | #?# #????????????????????? | | #?# #????????????????????? | | #?#########????????????????????? | | """ """ #??????????????????????????????? | | """"""""" #??????????????????????????????? | | """"" #??????????????????????????????? | | #??????????????????????????????? | | +??????????????????????????????? | | #??????????????????????????????? | | ############### #??????????????????????????????? | | ???????????????? #??????????????????????????????? | | ???????????????? #??????????????????????????????? | | ??????????????????#??????????????????????????????? | | ??####???????????????????????????????????????????? | | #???????????????????????????????????????????? | | #???????????????????????????????????????????? | | #???????????????????????????????????????????? | +----------------------------------------------------+ Best States ------------- Heat Dissipation 41 Energy Generation 14 Energy Capacity 250 Matter Stores 297 Matter Capacity 300 Sight Range 16 Robot Scan Range 14 Terrain Scan Density 10 Armor Coverage 150 Evasion (%) 41 Recoil Reduction 2 Offensive Hacking 20 Item Schematics ----------------- None Robot Schematics ------------------ None Fabricated ------------ Nothing Alien Tech Used ----------------- None Achievements -------------- None Challenges ------------ None Game ------ Seed ScatterFocalRecalibrator Manual? 0 Play Time 00:22:38 Cumulative 34.0 hours Start 2024.07.09 @ 15:11:24 End 2024.07.10 @ 00:57:34 Sessions 5 Manual Loads 0 Difficulty Rogue Special Mode None Game No. 79 Rogue 79 Adventurer 0 Explorer 0 Win Type - Total 0 Types 0/0/0/0/0/0/0/0/0 Lore% 24 Gallery% 31 Achievement% 23 Wizard Run 0 Options --------- Layout 1 ASCII 0 Keyboard 1 Movement Arrows Keybinds 0 Fullscreen 1 Font 24/Smallcaps Map View 50x35 Zoom Use 0% Tactical HUD 1 Map Filters NONE Filters NONE Steam 1 RUN: 3e19c4de-1a36-46f4-8da7-743de130c2de